 Dungeon Crawl Stone Soup version 0.32-a0-131-g9dbbe29261 (webtiles) character file.

Game seed: 6160387813146293166

138 senseless the Insei (level 5, -4/35 HPs)
             Began as an Octopode Shapeshifter on Feb 8, 2024.
             Was a Believer of Fedhas.
             Slain by a black bear (5 damage)
             ... on level 3 of the Dungeon on Feb 9, 2024.
             The game lasted 00:05:51 (2076 turns).

senseless the Insei (Octopode Shapeshifter)         Turns: 2076, Time: 00:05:52

Health: -4/35      AC:  1    Str: 13    XL:     5   Next: 21%
Magic:  5/5        EV: 14    Int: 12    God:    Fedhas [**....]
Gold:   103        SH:  5    Dex: 14    Spells: 4/4 levels left

rFire   . . .        v - +2 dagger (elec)
rCold   + . .        (no shield)
rNeg    . . .        (helmet currently unavailable)
rPois   .            n - amulet of reflection
rElec   .            d - ring of flight
rCorr   .            t - ring of protection from cold
SInv    .            (no ring)
Will    .....        (no ring)
Stlth   ++           (no ring)
HPRegen 0.25/turn    (no ring)
MPRegen 0.09/turn    (no ring)
                     (no ring)

%: reflection
@: beast-form, flying
A: beast (slay +2), almost no armour, amphibious, 8 rings, camouflage 1,
gelatinous body 1, (nimble swimmer 1), tentacles
a: Begin Untransformation, Renounce Religion, Wall of Briars


You were on level 3 of the Dungeon.
You worshipped Fedhas.
Fedhas was pleased with you.
You were a hulking beast.
You visited 1 branch of the dungeon, and saw 3 of its levels.

You collected 103 gold pieces.

Inventory:

Hand Weapons
 i - a +1 dagger of draining
 r - a +1 dagger of venom
 v - a +2 dagger of electrocution (weapon)
 w - a +3 mace
Missiles
 q - 3 poisoned darts (quivered)
Magical Staves
 e - a staff of earth
Jewellery
 d - a ring of flight (left tentacle)
 n - an amulet of reflection (around mantle)
 t - a ring of protection from cold (right tentacle)
Talismans
 b - a beast talisman
 c - a flux talisman
Scrolls
 a - a scroll of vulnerability {unknown}
 f - a scroll of noise {unknown}
 h - 2 scrolls of teleportation {unknown}
 j - 2 scrolls of fear {unknown}
 k - a scroll of blinking {unknown}
 m - a scroll of amnesia {unknown}
 o - 5 scrolls of identify {unknown}
 u - a scroll of fog {unknown}
Potions
 g - a potion of ambrosia {unknown}
 p - a potion of brilliance {unknown}
 s - a potion of heal wounds {unknown}
 x - a potion of curing


   Skills:
 + Level 2.3 Fighting
 + Level 1.1 Throwing
 + Level 3.0 Dodging
 + Level 3.7 Unarmed Combat
 + Level 3.6 Shapeshifting


You had 4 spell levels left.
You didn't know any spells.
Your spell library was empty.

Dungeon Overview and Level Annotations

Branches:
Dungeon (3/15)

Altars:
Fedhas
Uskayaw


Innate Abilities, Weirdness & Mutations

You are a hulking beast.
Your limbs bulge with bestial killing power. (Slay +2)
You cannot wear most types of armour.
You are amphibious.
You can wear up to eight rings at the same time.
Your skin changes colour to match your surroundings (Stealth+).
Your rubbery body absorbs attacks. (AC +1, EV +1)
((You are camouflaged when in or above water. (Stealth+)))
You have tentacles for arms and can constrict up to eight enemies at once.


Message History

Things that are here:
a +0 club; a +0 leather armour You hit the ball python.
You kill the ball python!
Fedhas appreciates your contribution to the ecosystem.
You closely miss the orc. You grab the orc. You squeeze the orc.
The orc is heavily wounded.
You constrict the orc. The orc misses you.
You puncture the orc!
You kill the orc!
Fedhas appreciates your contribution to the ecosystem.
You hit the adder. Lightning courses through the adder!
You kill the adder!
Fedhas appreciates your contribution to the ecosystem.
You barely miss the black bear. Your grab misses the black bear.
Your squeeze misses the black bear. The black bear bites you.
The black bear claws you. x2
You throw a throwing net.
The throwing net barely misses the black bear.
The black bear barely misses you. x2; The black bear claws you.
You throw a poisoned dart. The poisoned dart hits the black bear.
The black bear barely misses you. The black bear closely misses you.
The black bear claws you.
You throw a poisoned dart. The poisoned dart hits the black bear.
The black bear is poisoned.
The black bear bites you. The black bear claws you. x2
* * * LOW HITPOINT WARNING * * *
Okay, then.
Welcome back, senseless the Octopode Shapeshifter.
Fedhas says: Spread life and death.
Press ? for a list of commands and other information.
You hit the black bear.
Lightning courses through the black bear!
You grab the black bear.
You tentacle-slap the black bear, but do no damage.
The black bear is heavily wounded.
You constrict the black bear. The black bear bites you!
* * * LOW HITPOINT WARNING * * *
The black bear claws you.
You die...
Fedhas appreciates your contribution to the ecosystem.

#### #...........
...### #...(.......
.....## #...........
.._...# #...........
......### #...........
#####...# #...........
#...#.#.#
###...........
#..(#...#
#....#h#######
#####.#.# #....#h##
......#.###.......###
######.........##..รท#
#........#####.#
#........# #.#
#####..### #.### #.##
#...# ### ####.#
###....#


You could see a black bear (poisoned).

Vanquished Creatures
  Jessica (D:2)
  An orc wizard (D:3)
  3 adders
  A dart slug (D:3)
  6 orcs (D:3)
  4 ball pythons
  11 bats
  3 endoplasms
  2 giant cockroaches
  4 goblins
  7 hobgoblins
  2 quokkas
  2 frilled lizards (D:1)
  5 kobolds
  A rat (D:1)
53 creatures vanquished.

Notes
Turn   | Place    | Note
-------+----------+-------------------------------------------
     0 | D:1      | senseless the Octopode Shapeshifter began the quest for the
                  | Orb.
     0 | D:1      | Reached XP level 1. HP: 13/13 MP: 1/1
   366 | D:1      | Reached XP level 2. HP: 18/18 MP: 2/2
   856 | D:2      | Found a faded altar of an unknown god.
   860 | D:2      | Prayed at the altar of an unknown god.
   860 | D:2      | Became a worshipper of Fedhas Madash
   860 | D:2      | Reached * piety under Fedhas
   870 | D:2      | Reached XP level 3. HP: 23/23 MP: 3/3
   897 | D:2      | Noticed Jessica
   908 | D:2      | Killed Jessica
  1033 | D:2      | Reached XP level 4. HP: 29/29 MP: 4/4
  1523 | D:3      | Reached ** piety under Fedhas
  1611 | D:3      | HP: 2/43 [orc/+0 club (4)]
  1620 | D:3      | Reached skill level 1 in Throwing
  1620 | D:3      | Reached XP level 5. HP: 4/34 MP: 5/5
  1798 | D:3      | Noticed a +0 dagger
  1799 | D:3      | Found a hide-covered altar of Uskayaw.
  1800 | D:3      | Noticed a +0 dagger
  2060 | D:3      | Noticed a black bear
  2076 | D:3      | HP: 1/35 [black bear (7)]
  2076 | D:3      | Slain by a black bear

Illustrated notes

Levels and vault maps discovered:
D:1:      minmay_arrival_stone_box, layout_basic
D:2:      layout_basic, nicolae_ecumenical_pavilion, minmay_pentomino_s2,
          uniq_jessica
D:3:      layout_basic, dancing_weapons_uskayaw, serial_curves, eino_curves_03,
          eino_curves_01, eino_curves_01

Skill      XL: |  1  2  3  4 |
---------------+-------------+-----
Fighting       | 2 |  2.3
Throwing       | 1 |  1.1
Dodging        | 3 |  3.0
Unarmed Combat | |  3.7
Shapeshifting  | |  3.6

Action                     |  1- 3 |  4- 6 || total
---------------------------+-------+-------++-------
  Melee: Unarmed           |     9 |       ||     9
         Dagger            |    28 |    64 ||    92
         Constrict         |     9 |    13 ||    22
         Tentacles         |     4 |     6 ||    10
         Punch             |     2 |     4 ||     6
  Throw: Dart              |       |     2 ||     2
         Throwing net      |       |     1 ||     1
    Use: Potion            |       |     3 ||     3
   Stab: Sleeping          |     4 |     6 ||    10
         Distracted        |       |     1 ||     1
 Armour: Skin              |     9 |    61 ||    70
  Dodge: Dodged            |    17 |    42 ||    59
  Block: Other             |     3 |    19 ||    22

Table legend: (Time is in decaauts)
 A = Elapsed time spent in this place.
 B = Non-inter-level travel time spent in this place.
 C = Inter-level travel time spent in this place.
 D = Time resting spent in this place.
 E = Time spent auto-exploring this place.
 F = Levels seen in this place.
 G = Mean time per level.
                   A        B        C        D        E       F      G
               +--------+--------+--------+--------+--------+-----+--------+
         Total |   2073 |   2003 |     70 |      0 |   1679 |   3 |  691.0 |
       Dungeon |   2073 |   2003 |     70 |      0 |   1679 |   3 |  691.0 |
               +--------+--------+--------+--------+--------+-----+--------+

Top non-repeatable levels by time:
     D:1: 854 daAuts
     D:2: 642 daAuts
     D:3: 576 daAuts
